 Dungeon Crawl Stone Soup version 0.28.0-53-g5a82cb258f (webtiles) character file.

Game seed: 1334313763918119888

653 quixfox the Cudgeller (level 7, 0/66 HPs)
             Began as a Gargoyle Fighter on July 17, 2022.
             Was an Initiate of the Shining One.
             Slain by an orc wizard
             ... wielding a +0 dagger
              (2 damage)
             ... on level 5 of the Dungeon.
             The game lasted 00:06:52 (4143 turns).

quixfox the Cudgeller (Gargoyle Fighter)            Turns: 4143, Time: 00:06:53

Health: 0/66       AC: 23    Str: 22    XL:     7   Next: 54%
Magic:  7/7        EV:  2    Int:  8    God:    the Shining One [......]
Gold:   162        SH:  4    Dex:  9    Spells: 6/6 levels left

rFire   . . .      SeeInvis .   a - +0 flail
rCold   . . .      Faith    .   c - +0 buckler
rNeg    + . .      Spirit   .   (armour currently unavailable)
rPois   ∞          Reflect  .   (helmet currently unavailable)
rElec   .          Harm     .   (cloak currently unavailable)
rCorr   .          Rampage  .   (gloves currently unavailable)
Will    .....      NoTele   +   (boots currently unavailable)
Stlth   +.........              (no amulet)
HPRegen 0.21/turn               (no ring)
MPRegen 0.10/turn               (no ring)

@: tree-form, hasted, glowing, very quick
A: stationary, stasis, torment immunity, boosted hp, sickness immunity, AC +4,
negative energy resistance 1, (electricity resistance), torment resistance 1,
petrification resistance
a: Renounce Religion


You were on level 5 of the Dungeon.
You worshipped the Shining One.
The Shining One was noncommittal.
You were a tree.
You visited 1 branch of the dungeon, and saw 5 of its levels.

You collected 162 gold pieces.

Inventory:

Hand Weapons
 a - a +0 flail (weapon)
Missiles
 h - a throwing net
 l - 4 javelins (quivered)
Armour
 c - a +0 buckler (worn)
 g - a +0 plate armour (melded)
Scrolls
 e - 3 scrolls of identify
 f - a scroll of fog
 i - a scroll of holy word {unknown}
 m - a scroll of teleportation
 n - a scroll of noise {unknown}
 o - a scroll of enchant armour {unknown}
 q - a scroll of acquirement {unknown}
 r - a scroll of brand weapon {unknown}
Potions
 j - 2 potions of lignification
 p - a potion of degeneration
 s - a potion of invisibility


   Skills:
 + Level 5.3 Fighting
 * Level 5.9 Maces & Flails
 + Level 5.3 Armour
 - Level 3.2 Shields
 + Level 0.9 Invocations


You had 6 spell levels left.
You didn't know any spells.
Your spell library contained the following spells:

 Spells                   Type           Power      Damage    Failure   Level
 Magic Dart               Conj           0%         1d3       50%         1
 Ensorcelled Hibernation  Hex/Ice        0%         N/A       65%         2
 Searing Ray              Conj           0%         2d4       65%         2
 Conjure Flame            Conj/Fire      0%         6-21      86%         3
 Ignite Poison            Fire/Tmut/Pois 0%         N/A       86%         3
 Spider Form              Tmut/Pois      0%         N/A       86%         3
 Anguish                  Hex/Necr       0%         N/A       99%         4
 Fulminant Prism          Conj/Hex       0%         3d6       99%         4
 Sticky Flame             Conj/Fire      0%         2d3       99%         4


Dungeon Overview and Level Annotations

Branches:
Dungeon (5/15)
 Temple: D:4-7

Altars:
Ashenzari
Wu Jian
The Shining One

Shops:
D:3 [


Innate Abilities, Weirdness & Mutations

You are a tree.
Your roots penetrate the ground, keeping you stationary.
You cannot be teleported.
You are immune to unholy pain and torment.
Your maximum health is greatly increased.
Your equipment is partially melded.
You are immune to sickness and miasma.
((Your stone body is resilient. (AC +4)))
You are immune to poison.
You resist negative energy. (rN+)
((You are resistant to electric shocks. (rElec)))
You are resistant to unholy torment.
You are immune to petrification.


Message History

It was a potion of magic.
Magic courses through your body.
The orc priest looks satisfied for a moment.
Something hits you but does no damage.
Okay, then.
You cannot move.
Okay, then.
As you read the scroll labelled OMEMUI SEUHAM, it crumbles to dust.
It is a scroll of identify.
p - a potion of degeneration
As you read the scroll of identify, it crumbles to dust.
s - a potion of invisibility You hear some strange, mumbled words.
A puff of flame appears from out of thin air!
The puff of flame hits you but does no damage.
As you read the scroll labelled DEIWNU FECYAJ, it crumbles to dust.
The scroll dissolves into smoke.
It was a scroll of fog.
The orc priest calls down the wrath of Beogh upon you.
Beogh smites you!
* * * LOW HITPOINT WARNING * * *
Something hits you.
* * * LOW HITPOINT WARNING * * *
Okay, then.
As you read the scroll labelled SAEJIG QYWN, it crumbles to dust.
You feel a strange sense of stasis.
It was a scroll of teleportation.
Something hits you but does no damage.
Okay, then.
You cannot move.
You cannot move.
An orc priest is nearby!
Something hits you but does no damage. Something hits you.
* * * LOW HITPOINT WARNING * * *
Something hits you.
* * * LOW HITPOINT WARNING * * *
Something hits you but does no damage. Something hits you.
* * * LOW HITPOINT WARNING * * *
The orc priest begins to cast a cantrip, but forgets the words!
Something hits you.
You die...

#...........###....
##.##.....#.# ####.
####.##.#####.# ##
#....##.# .#
#.##.##.# # #.##.#
#§##.# #§##.#
#♣##.# #{#
......§o§...#
.##...###...# #..#
...# #.# ..# #. ..#
# .# .#


You could see an orc priest.

Vanquished Creatures
  Grinder (D:3)
  A necrophage (D:4)
  A gnoll shaman (D:4)
  A hound (D:5)
  2 iguanas (D:5)
  Natasha (thrice) (D:3)
  5 adders
  6 gnolls
  An adder skeleton (D:4)
  A dart slug (D:3)
  12 orcs
  4 endoplasms
  6 giant cockroaches
  9 goblins
  7 hobgoblins
  3 jackals (D:2)
  6 kobolds
  5 quokkas
  6 ball pythons
  A bat (D:2)
  4 frilled lizards
  5 rats
90 creatures vanquished.

Vanquished Creatures (others)
  4 toadstools (D:1)
4 creatures vanquished.

Grand Total: 94 creatures vanquished

Notes
Turn   | Place    | Note
-------+----------+-------------------------------------------
     0 | D:1      | quixfox the Gargoyle Fighter began the quest for the Orb.
     0 | D:1      | Reached XP level 1. HP: 14/14 MP: 1/1
   120 | D:1      | Reached XP level 2. HP: 19/19 MP: 2/2
   878 | D:2      | Reached XP level 3. HP: 12/24 MP: 3/3
  1274 | D:2      | Reached XP level 4. HP: 29/29 MP: 4/4
  1318 | D:2      | Found a faded altar of an unknown god.
  2096 | D:3      | Found a broken altar of Ashenzari.
  2158 | D:3      | Noticed Grinder
  2180 | D:3      | Reached XP level 5. HP: 28/33 MP: 5/5
  2188 | D:3      | Killed Grinder
  2189 | D:3      | Reached XP level 6. HP: 34/39 MP: 6/6
  2653 | D:3      | Noticed Natasha
  2660 | D:3      | Killed Natasha
  2728 | D:3      | Reached skill level 5 in Maces & Flails
  2758 | D:3      | Found Woac's Antique Armour Boutique.
  2871 | D:3      | Noticed Natasha
  2990 | D:3      | Killed Natasha
  3022 | D:3      | Noticed Natasha
  3030 | D:3      | Killed Natasha
  3095 | D:4      | Reached skill level 5 in Fighting
  3095 | D:4      | Reached skill level 5 in Armour
  3101 | D:4      | Reached XP level 7. HP: 29/44 MP: 7/7
  3237 | D:4      | Found a glowing golden altar of the Shining One.
  3246 | D:4      | Became a worshipper of the Shining One
  3387 | D:4      | Found an ornate altar of the Wu Jian Council.
  3920 | D:5      | Entered Level 5 of the Dungeon
  4139 | D:5      | HP: 2/66 [something (3)]
  4143 | D:5      | Slain by an orc wizard

Illustrated notes

Levels and vault maps discovered:
D:1:      ldierk_walled_garden_2, layout_basic
D:2:      layout_basic, chequers_ecumenical_altar_grove
D:3:      layout_loops_ring, mainiacjoe_overflow_tiny_flanked, serial_shops,
          nicolae_square_shop, uniq_grinder, uniq_natasha
D:4:      layout_loops_ring, nicolae_wu_jian_wuxing_cycle,
          mainiacjoe_overflow_small_starburst, serial_bayou_pond_e,
          kennysheep_generic_room_7
D:5:      layout_loops_ring, uniq_crazy_yiuf_cottage

Skill      XL: |  1  2  3  4  5  6 |
---------------+-------------------+-----
Maces & Flails | 3 4 5 |  5.9
Armour         | 4 5 |  5.3
Fighting       | 4 5 |  5.3
Shields        | |  3.2
Invocations    | |  0.9

Action                   |  1- 3 |  4- 6 |  7- 9 || total
-------------------------+-------+-------+-------++-------
Melee: Flail             |    98 |   114 |    93 ||   305
  Use: Potion            |       |     1 |     4 ||     5
       Scroll            |       |       |     4 ||     4
Armor: Scale mail        |    36 |       |       ||    36
       Plate armour      |    23 |    71 |    52 ||   146
       Skin              |       |       |     8 ||     8
Dodge: Dodged            |    46 |    35 |    18 ||    99
Block: Buckler           |     8 |    14 |    17 ||    39
